 Dungeon Crawl Stone Soup version 0.20.1-1-g8b1a95d (webtiles) character file.

77596 dohliylev the Unseen (level 15, -21/92 HPs)
             Began as a Vampire Enchanter on Dec 14, 2017.
             Was the Champion of Makhleb.
             Demolished by a merfolk
             ... wielding a +0 trident
              (23 damage)
             ... on level 1 of the Shoals.
             The game lasted 03:09:53 (35737 turns).

dohliylev the Unseen (Vampire Enchanter)           Turns: 35737, Time: 03:09:53

Health: -21/92     AC:  0    Str:  7    XL:     15   Next: 15%
Magic:  0/32       EV: 20    Int: 19    God:    Makhleb [******]
Gold:   2240       SH:  0    Dex: 25    Spells: 8/40 levels left

rFire    . . .     SeeInvis +   (weapon currently unavailable)
rCold    + . .     Gourm    .   (shield currently unavailable)
rNeg     + + .     Faith    .   (armour currently unavailable)
rPois    +         Spirit   +   (helmet currently unavailable)
rElec    .         Reflect  .   (cloak currently unavailable)
rCorr    .         Harm     .   (gloves currently unavailable)
MR       +....                  (boots currently unavailable)
Stlth    +++++++++.             y - amulet of guardian spirit
Regen    0.2/turn               (ring currently unavailable)
MPRegen  0.3/turn               (ring currently unavailable)

@: bat-form, flying, mesmerised, regenerating slowly, very quick
A: fangs 3, see invisible, frail 1
a: End Transformation, Minor Destruction, Lesser Servant of Makhleb, Major
Destruction, Greater Servant of Makhleb, Renounce Religion


You were on level 1 of the Shoals.
You worshipped Makhleb.
Makhleb was exalted by your worship.
You were thirsty.
You were in vampire-bat-form.
You visited 5 branches of the dungeon, and saw 23 of its levels.

You collected 2670 gold pieces.
You spent 430 gold pieces at shops.

Inventory:

Hand Weapons
 a - a +4 dagger of speed
 c - the +8 dagger "Urujarch" (melded) {drain, *Noise Int+7}
   (You bought it in a shop on level 1 of the Orcish Mines)

   A truly terrible weapon, it drains the life of those it strikes.
   It affects your intelligence (+7).
   It may make noises in combat.
Armour
 b - +0 steam dragon scales (melded)
 q - the +2 pair of boots of the Assassin (melded) {Detection Stab+ Stlth++}
   (You found it on level 11 of the Dungeon)

   It makes you much more stealthy.
 u - a +2 pair of gloves (melded)
 C - a +0 buckler (melded)
 H - a +0 cloak of poison resistance (melded)
 M - a +2 hat (melded)
Jewellery
 f - a ring of wizardry (melded)
 g - an uncursed ring of protection from magic
 y - an amulet of guardian spirit (around neck)
 O - a ring of magical power (melded)
Wands
 h - a wand of scattershot (2/9)
 l - a wand of disintegration (21/24)
 m - a wand of polymorph (4/24)
 o - a wand of digging (6/24)
 D - a wand of enslavement (11/24)
 E - a wand of scattershot (5/9)
 Q - a wand of flame (13/48)
 S - a wand of clouds (1/9)
 T - a wand of lightning (10/15)
 U - a wand of paralysis (13/24)
 V - a wand of lightning (11/15)
 X - a wand of enslavement (10/24)
Scrolls
 d - 2 scrolls of enchant armour
 k - 8 scrolls of teleportation
 r - 3 scrolls of fog
 w - 3 scrolls of fear
 x - 4 scrolls of magic mapping
 A - 7 scrolls of remove curse
 B - a scroll of enchant weapon
 L - 7 scrolls of recharging
 Y - 3 scrolls of blinking
Potions
 e - 2 potions of invisibility
 i - 2 potions of haste
 j - 8 potions of curing
 n - 3 potions of cancellation
 p - 4 potions of flight
 s - 4 potions of agility
 t - a potion of berserk rage
 v - 2 potions of might
 z - a potion of magic
 F - a potion of heal wounds {unknown}
 G - 24 potions of blood
 Z - 2 potions of brilliance
Books
 K - a book of Power

   Spells                             Type                      Level
   a - Iskenderun's Battlesphere      Conjuration/Charms           5
   b - Venom Bolt                     Conjuration/Poison           5
   c - Bolt of Magma                  Conjuration/Fire/Earth       5
   d - Iron Shot                      Conjuration/Earth            6
   e - Orb of Destruction             Conjuration                  7
   f - Spellforged Servitor           Conjuration/Summoning        7
 N - the Disquisition on Supportive Good Luck
   (You found it on level 1 of the Lair of Beasts)

   Spells                             Type                      Level
   a - Shroud of Golubria             Charms/Translocation         2
   b - Regeneration                   Charms/Necromancy            3
   c - Summon Hydra                   Summoning                    7
 P - a book of Misfortune

   Spells                             Type                      Level
   a - Confusing Touch                Hexes                        1
   b - Confuse                        Hexes                        3
   c - Gell's Gravitas                Translocation                3
   d - Petrify                        Transmutation/Earth          4
   e - Metabolic Englaciation         Hexes/Ice                    5
   f - Yara's Violent Unravelling     Hexes/Transmutation          5
 R - a book of Flames

   Spells                             Type                      Level
   a - Flame Tongue                   Conjuration/Fire             1
   b - Throw Flame                    Conjuration/Fire             2
   c - Conjure Flame                  Conjuration/Fire             3
   d - Inner Flame                    Hexes/Fire                   3
   e - Sticky Flame                   Conjuration/Fire             4
   f - Fireball                       Conjuration/Fire             5
 W - a book of Alchemy

   Spells                             Type                      Level
   a - Sublimation of Blood           Necromancy                   2
   b - Ignite Poison                  Fire/Transmutation/Poison    3
   c - Petrify                        Transmutation/Earth          4
   d - Alistair's Intoxication        Transmutation/Poison         5
   e - Irradiate                      Conjuration/Transmutation    5


   Skills:
 - Level 5.0 Fighting
 - Level 5.2 Short Blades
 - Level 2.1 Dodging
 - Level 15.0 Stealth
 - Level 4.0 Shields
 - Level 13.0 Spellcasting
 - Level 12.3 Hexes
 - Level 0.8 Summonings
 - Level 0.2 Transmutations
 + Level 10.0 Ice Magic
 - Level 0.8 Earth Magic
 + Level 13.2 Invocations


You had 8 spell levels left.
You knew the following spells:

 Your Spells              Type           Power        Failure   Level  Hunger
a - Apportation           Tloc           ##....       5%          1    None
b - Ensorcelled Hibernat  Hex/Ice        ######       1%          2    None
c - Confuse               Hex            ######..     1%          3    None
d - Dazzling Spray        Conj/Hex       #####.       1%          3    None
e - Blink                 Tloc           N/A          9%          2    None
f - Tukima's Dance        Hex            ######..     1%          3    None
g - Summon Ice Beast      Ice/Summ       ####....     6%          4    #......
h - Mephitic Cloud        Conj/Pois/Air  ##......     16%         3    None
i - Petrify               Tmut/Erth      ##......     41%         4    #......
j - Lee's Rapid Deconstr  Erth           ###.......   73%         5    ####...
k - Passwall              Tmut/Erth      ##........   7%          2    None


Dungeon Overview and Level Annotations

Branches:
Dungeon (13/15)            Temple (1/1) D:4            Lair (6/6) D:8
 Shoals (1/4) Lair:4        Snake (0/4) Lair:3        Slime (0/5) Lair:6
    Orc (2/2) D:9             Elf (0/3) Orc:2
 Vaults: D:13-14

Altars:
Ashenzari
Cheibriados
Dithmenos
Elyvilon
Fedhas
Gozag
Hepliaklqana
Kikubaaqudgha
Makhleb
Nemelex Xobeh
Okawaru
Qazlal
Ru
Trog
Uskayaw
Vehumet
Xom
Yredelemnul
Beogh
Jiyva

Shops:
D:5 :   D:6 :   D:8 =   D:12 (   Orc:1 (   Orc:2 :[}?}

Portals:
Trove: D:10 (give book of the Dragon)

Annotations:
Lair:3 exclusion: 2 oklob plants


Innate Abilities, Weirdness & Mutations

You heal slowly.
You have razor-sharp teeth.
You have supernaturally acute eyesight. (SInv)
((You can survive without breathing.))
((Armour fits poorly on your strangely shaped body.))
You are frail. (-10% HP)


Message History

* * * LOW HITPOINT WARNING * * *
You hear a splash.
The merfolk siren chants its luring song.
The merfolk closely misses you.
You see here a large rock.
The merfolk throws a tomahawk.
The tomahawk misses you.
You hear a splash.
The merfolk hits you from afar with a trident.
* * * LOW HITPOINT WARNING * * *
Your smoke demon closely misses the merfolk.
Your smoke demon hits the merfolk. x2; The cyclops throws a large rock.
The large rock hits you!
* * * LOW HITPOINT WARNING * * *
You hear a splash.
You see here a large rock.
The merfolk hits your smoke demon with a trident of piercing!
The merfolk siren chants its luring song.
The merfolk completely misses you.
The merfolk hits you from afar with a trident!!
You die...

≈≈≈≈≈≈≈≈≈≈≈≈≈≈≈≈≈≈≈≈≈≈
≈≈≈≈≈≈≈≈≈≈≈≈≈≈≈≈≈≈≈≈≈≈
≈≈≈≈≈≈≈≈≈≈≈≈≈≈≈≈≈≈≈≈≈≈
≈≈≈≈≈≈≈≈≈≈≈≈≈≈≈≈C≈≈≈≈≈
≈≈≈≈≈≈≈≈≈≈≈≈≈≈≈≈≈≈≈≈≈≈
≈≈≈≈≈≈≈≈≈≈≈≈≈≈≈≈≈≈≈≈≈≈≈≈≈≈
≈≈≈≈≈≈≈≈≈≈≈≈≈(≈≈≈≈≈≈≈≈≈≈≈≈
≈≈≈≈≈≈≈≈≈≈≈t≈E≈≈≈≈≈≈≈≈≈≈≈.
≈≈≈≈≈≈≈≈≈≈≈mm≈b≈≈≈(≈≈≈≈≈≈.
≈≈≈≈≈≈≈≈≈≈≈≈≈≈≈≈≈≈≈≈≈≈≈≈≈.
≈≈≈≈≈≈≈≈≈≈≈m≈m≈≈≈≈≈≈≈≈≈c≈≈
≈≈≈≈≈≈≈(≈≈≈≈≈≈≈≈≈≈≈≈≈≈≈≈≈≈
≈≈≈≈≈≈≈≈≈≈≈≈≈≈≈≈≈≈<..≈≈≈≈≈
≈≈≈≈≈≈≈≈≈m≈≈c≈≈≈≈..).≈≈≈c≈
≈≈≈≈≈≈≈≈≈3≈≈≈≈≈≈≈≈...≈c≈..
≈≈≈≈≈≈≈≈≈c≈..#.≈≈≈≈..≈≈≈.#
≈≈≈≈≈≈≈≈≈≈..###...≈..≈≈≈..


You could see a snapping turtle, 4 merfolk, 2 fauns, a cyclops, a water
elemental, a merfolk siren and a friendly smoke demon.

Vanquished Creatures
  5 dire elephants (Lair:6)
  An ettin (Orc:2)
  Erolcha (D:9)
  A centaur warrior (D:10)
  8 hydras
  3 two-headed ogres
  An anaconda (Lair:6)
  3 ogre magi (Orc:2)
  A skeletal warrior (D:13)
  The ghost of ak87 the Geomancer, a novice DgEE (D:8)
  A sea snake (Shoals:1)
  An unseen horror (D:8)
  3 orc knights
  A wizard (D:10)
  A phantasmal warrior (D:13)
  8 orc sorcerers
  2 oklob plants
  A manticore (Lair:3)
  2 ugly things
  A cyclops (D:12)
  A centaur zombie (D:13)
  19 elephants
  2 black mambas
  19 spiny frogs
  A gargoyle (D:12)
  3 rime drakes
  9 komodo dragons
  A queen bee (Lair:3)
  5 slime creatures (D:13)
  3 trolls
  11 hippogriffs
  11 blink frogs
  A snapping turtle (Lair:4)
  A shadow (D:11)
  3 wyverns
  41 yaks
  A fire elemental (Lair:1)
  5 basilisks
  5 large abominations (D:10)
  3 hungry ghosts
  A steam dragon (Lair:3)
  A vampire mosquito (D:11)
  Menkaure (D:3)
  An acid dragon (D:11)
  Edmund (D:5)
  7 wargs
  11 water moccasins
  Duvessa (D:7)
  2 hell hounds (D:8)
  5 porcupines
  3 ice beasts
  25 orc warriors
  16 ogres
  4 sky beasts
  20 wolves
  A necrophage (D:12)
  18 crocodiles
  7 centaurs
  18 bullfrogs
  Dowan (D:7)
  7 small abominations (D:10)
  5 scorpions
  38 killer bees
  6 wights
  5 electric eels (D:7)
  A howler monkey (D:5)
  A lava snake (Lair:1)
  5 crimson imps
  2 bullfrog zombies
  3 jellies
  17 orc priests
  6 hounds
  A gnoll shaman (D:8)
  3 bullfrog skeletons
  Jessica (D:2)
  Terence (D:2)
  32 orc wizards
  Natasha (D:3)
  9 iguanas
  8 worker ants
  3 hound skeletons
  2 hound zombies (D:11)
  A worker ant zombie (D:5)
  Robin (D:2)
  4 gnolls (D:8)
  11 adders
  2 shadow imps (D:8)
  An ooze (D:1)
  An adder zombie (D:9)
  3 adder skeletons
  4 worms
  6 dart slugs
  7 leopard geckos
  103 orcs
  2 bats
  7 giant cockroaches
  20 goblins
  9 hobgoblins
  12 jackals
  8 kobolds
  5 quokkas
  6 ball pythons
  5 frilled lizards
  2 jackal skeletons
  A leopard gecko skeleton (D:7)
  2 quokka skeletons
  2 rats (D:3)
  5 plants
722 creatures vanquished.

Vanquished Creatures (collateral kills)
  An orc warlord (Orc:2)
  A dire elephant (Lair:6)
  An ogre mage (Orc:2)
  An orc sorcerer (Orc:2)
  An oklob plant (Lair:1)
  A centaur skeleton (D:11)
  A blink frog (Lair:6)
  A vampire (D:11)
  3 yaks (D:11)
  An orc warrior (Orc:2)
  An ogre (Orc:2)
  A bullfrog (D:11)
  4 wights (D:12)
  3 orc priests
  2 orc wizards
  6 orcs (Orc:2)
29 creatures vanquished.

Vanquished Creatures (others)
  A howler monkey skeleton (D:7)
  31 fungi
  27 plants
59 creatures vanquished.

Grand Total: 810 creatures vanquished

Notes
Turn   | Place    | Note
-------+----------+-------------------------------------------
     0 | D:1      | dohliylev the Vampire Enchanter began the quest for the Orb.
     0 | D:1      | Reached XP level 1. HP: 13/13 MP: 3/3
   154 | D:1      | Reached skill level 5 in Stealth
   154 | D:1      | Reached XP level 2. HP: 6/19 MP: 3/5
   158 | D:1      | Learned a level 2 spell: Ensorcelled Hibernation
   619 | D:1      | Reached skill level 6 in Stealth
   739 | D:1      | Reached XP level 3. HP: 25/25 MP: 1/6
  1010 | D:2      | Noticed Terence
  1039 | D:2      | Killed Terence
  1039 | D:2      | Reached skill level 1 in Ice Magic
  1101 | D:2      | Noticed Jessica
  1131 | D:2      | Reached XP level 4. HP: 7/31 MP: 3/7
  1368 | D:2      | Reached skill level 7 in Stealth
  1379 | D:2      | Killed Jessica
  1414 | D:2      | Noticed Robin
  1798 | D:2      | Killed Robin
  1971 | D:2      | Reached skill level 1 in Fighting
  1971 | D:2      | Reached XP level 5. HP: 37/37 MP: 2/8
  2194 | D:2      | Found a faded altar of an unknown god.
  2446 | D:3      | Learned a level 3 spell: Confuse
  2516 | D:3      | Reached skill level 8 in Stealth
  3201 | D:3      | Noticed Natasha
  3203 | D:3      | Killed Natasha
  3353 | D:4      | Reached skill level 9 in Stealth
  3369 | D:4      | Reached XP level 6. HP: 40/43 MP: 0/9
  3643 | D:4      | Noticed Menkaure
  3676 | D:4      | Found a shadowy altar of Dithmenos.
  3993 | D:4      | Found a stormy altar of Qazlal.
  4019 | D:4      | Found a staircase to the Ecumenical Temple.
  4027 | Temple   | Entered the Ecumenical Temple
  4038 | Temple   | Became a worshipper of Makhleb the Destroyer
  4593 | D:3      | HP: 1/43 [Menkaure (4)]
  5089 | D:3      | Killed Menkaure
  5089 | D:3      | Reached skill level 10 in Stealth
  5196 | D:5      | Entered Level 5 of the Dungeon
  5451 | D:4      | Reached XP level 7. HP: 41/49 MP: 7/10
  5519 | D:5      | Noticed Edmund
  5552 | D:5      | Killed Edmund
  5552 | D:5      | Reached skill level 11 in Stealth
  5927 | D:5      | Found an iron altar of Okawaru.
  6867 | D:5      | Reached skill level 12 in Stealth
  6963 | D:5      | Reached XP level 8. HP: 50/56 MP: 4/14
  7045 | D:5      | Found Malemodo's Book Emporium.
  7248 | D:5      | Reached skill level 5 in Hexes
  7492 | D:6      | Found Ufureig's Book Shop.
  7879 | D:6      | Found a hazy altar of Hepliaklqana.
  8313 | D:6      | Found an opulent altar of Gozag.
  8427 | D:6      | Found a white marble altar of Elyvilon.
  8877 | D:6      | Reached * piety under Makhleb
  9334 | D:5      | Reached skill level 10 in Hexes
  9624 | D:6      | Reached XP level 9. HP: 61/61 MP: 4/15
 10736 | D:7      | Reached skill level 1 in Invocations
 10929 | D:7      | Noticed Dowan
 10963 | D:7      | Noticed Duvessa
 11000 | D:7      | Killed Duvessa
 11079 | D:7      | Killed Dowan
 11168 | D:7      | Learned a level 3 spell: Dazzling Spray
 11229 | D:7      | Learned a level 2 spell: Blink
 12085 | D:7      | Reached skill level 5 in Invocations
 12648 | D:8      | Noticed a two-headed ogre
 12650 | D:8      | Killed a two-headed ogre
 12650 | D:8      | Reached XP level 10. HP: 67/67 MP: 16/16
 12683 | D:8      | Noticed an unseen horror
 12688 | D:8      | Killed an unseen horror
 12720 | D:8      | Found a blossoming altar of Fedhas.
 12745 | D:8      | Reached ** piety under Makhleb
 12775 | D:8      | Noticed ak87's ghost (novice DgEE)
 12982 | D:8      | Found a staircase to the Lair.
 13147 | D:8      | Killed ak87's ghost
 13343 | D:8      | Found a shimmering altar of Xom.
 13374 | D:8      | Found Woyf's Jewellery Boutique.
 13377 | D:8      | Bought an uncursed ring of magical power for 220 gold pieces
 13547 | D:8      | Found a snail-covered altar of Cheibriados.
 13949 | D:9      | Found a shattered altar of Ashenzari.
 14067 | D:9      | Noticed Erolcha
 14068 | D:9      | Reached skill level 10 in Invocations
 14080 | D:9      | Killed Erolcha
 14080 | D:9      | Reached XP level 11. HP: 72/72 MP: 18/18
 14273 | D:9      | Found a hide-covered altar of Uskayaw.
 14275 | D:9      | Found a bloodstained altar of Trog.
 14400 | D:9      | Reached *** piety under Makhleb
 14439 | D:9      | Found a staircase to the Orcish Mines.
 14941 | D:9      | Found a sacrificial altar of Ru.
 15777 | Lair:1   | Entered Level 1 of the Lair of Beasts
 16207 | Lair:1   | Noticed an oklob plant
 16207 | Lair:1   | Noticed an oklob plant
 16285 | Lair:1   | Killed an oklob plant
 16496 | Lair:1   | Killed an oklob plant
 16500 | Lair:1   | Identified the Disquisition on Supportive Good Luck
 16721 | Lair:1   | Noticed an eight-headed hydra
 16905 | Lair:1   | Killed an eight-headed hydra
 17743 | Lair:2   | Noticed a seven-headed hydra
 17786 | Lair:2   | Killed a seven-headed hydra
 17786 | Lair:2   | Reached skill level 5 in Spellcasting
 18076 | Lair:2   | Reached XP level 12. HP: 83/83 MP: 21/21
 18359 | Lair:2   | Reached **** piety under Makhleb
 18755 | Lair:3   | Reached skill level 5 in Short Blades
 19359 | Lair:3   | Identified a +1 pair of boots of running (You found it on level 3 of the Lair of Beasts)
 19490 | Lair:3   | Reached skill level 1 in Shields
 19606 | Lair:3   | Found a staircase to the Snake Pit.
 19811 | Lair:3   | Reached skill level 5 in Fighting
 20658 | Lair:3   | Reached ***** piety under Makhleb
 21868 | Lair:4   | Found a staircase to the Shoals.
 22270 | Lair:5   | Reached XP level 13. HP: 91/91 MP: 26/26
 22311 | Lair:5   | Reached skill level 10 in Spellcasting
 22445 | Lair:5   | Learned a level 1 spell: Apportation
 23091 | Lair:6   | Entered Level 6 of the Lair of Beasts
 23321 | Lair:6   | Found a viscous altar of Jiyva.
 23321 | Lair:6   | Found a staircase to the Slime Pits.
 26330 | Lair:6   | Noticed a dire elephant
 26330 | Lair:6   | Noticed a dire elephant
 26372 | Lair:6   | Noticed a dire elephant
 26376 | Lair:6   | Noticed a dire elephant
 26402 | Lair:6   | Noticed a dire elephant
 26458 | Lair:6   | Killed a dire elephant
 26685 | Lair:6   | Reached XP level 14. HP: 94/98 MP: 19/31
 26767 | Lair:6   | Reached ****** piety under Makhleb
 27004 | Lair:6   | Reached skill level 13 in Stealth
 27232 | Lair:6   | Reached skill level 5 in Ice Magic
 28145 | Orc:1    | Entered Level 1 of the Orcish Mines
 28169 | Orc:1    | Reached skill level 14 in Stealth
 28566 | Orc:2    | Entered Level 2 of the Orcish Mines
 28570 | Orc:2    | Found a staircase to the Elven Halls.
 28575 | Orc:2    | Found a roughly hewn altar of Beogh.
 28973 | Orc:2    | Noticed an orc warlord
 29533 | Orc:2    | Found a burning altar of Makhleb.
 30037 | Orc:2    | Learned a level 3 spell: Tukima's Dance
 30075 | Orc:2    | Killed an orc warlord
 30075 | Orc:2    | Reached skill level 15 in Stealth
 30138 | Orc:2    | Learned a level 4 spell: Summon Ice Beast
 30143 | Orc:2    | Learned a level 3 spell: Mephitic Cloud
 30735 | Orc:2    | Found Sumiar's Book Shoppe.
 30941 | Orc:2    | Found Xolezoett's Antique Armour Boutique.
 31049 | Orc:2    | Gained mutation: Armour fits poorly on your strangely shaped body. [a neqoxec]
 31050 | Orc:2    | Gained mutation: You are frail. (-10% HP) [a neqoxec]
 31247 | Orc:2    | Found a radiant altar of Vehumet.
 31291 | Orc:2    | Found Etzom's Magic Scroll Shop.
 31341 | Orc:2    | Found an ancient bone altar of Kikubaaqudgha.
 31388 | Orc:2    | Bought a scroll of identify for 28 gold pieces
 31402 | Orc:2    | Found a roughly hewn altar of Beogh.
 31402 | Orc:2    | Found Ewnidd's Gadget Shop.
 31428 | Orc:2    | Found Vucem's Gadget Boutique.
 31628 | Orc:1    | Found Ixkoxtom's Antique Weapon Boutique.
 31684 | Orc:1    | Bought a smoking dagger for 182 gold pieces
 31684 | Orc:1    | Identified the +8 dagger "Urujarch" {drain, *Noise Int+7} (You bought it in a shop on level 1 of the Orcish Mines)
 31954 | D:10     | Entered Level 10 of the Dungeon
 31967 | D:10     | Found a portal to a secret trove of treasure.
 33582 | D:11     | Reached XP level 15. HP: 92/92 MP: 26/32
 34139 | D:11     | Learned a level 4 spell: Petrify
 34145 | D:11     | Learned a level 5 spell: Lee's Rapid Deconstruction
 34148 | D:11     | Learned a level 2 spell: Passwall
 34325 | D:12     | Found Kusisk's Weapon Shoppe.
 35054 | D:13     | Reached skill level 10 in Ice Magic
 35702 | Shoals:1 | Entered Level 1 of the Shoals
 35735 | Shoals:1 | HP: 2/92 [cyclops/large rock (12)]
 35737 | Shoals:1 | Demolished by a merfolk

Skill      XL: |  1  2  3  4  5  6  7  8  9 10 11 12 13 14 15 |
---------------+----------------------------------------------+-----
Stealth        | 5 6 7 9 10 12 15 | 15.0
Ice Magic      | 1 2 3 9 10 | 10.0
Fighting       | 1 2 4 5 |  5.0
Spellcasting   | 4 5 9 13 | 13.0
Hexes          | 10 12 | 12.3
Invocations    | 6 10 12 13 | 13.2
Short Blades   | 4 5 |  5.2
Shields        | 3 4 |  4.0
Dodging        | |  2.1
Summonings     | |  0.8
Transmutations | |  0.2
Earth Magic    | |  0.8

Action                   |  1- 3 |  4- 6 |  7- 9 | 10-12 | 13-15 || total
-------------------------+-------+-------+-------+-------+-------++-------
Melee: Dagger            |    73 |   157 |   170 |   312 |   912 ||  1624
       Bite              |     4 |    10 |    15 |    21 |   105 ||   155
       Unarmed           |       |     1 |     1 |     1 |       ||     3
 Cast: Corona            |     3 |    10 |    23 |    11 |       ||    47
       Ensorcelled Hiber |    19 |    49 |   153 |   227 |   368 ||   816
       Confuse           |       |    13 |    19 |    33 |    85 ||   150
       Dazzling Spray    |       |       |       |     1 |       ||     1
       Blink             |       |       |       |       |     3 ||     3
       Apportation       |       |       |       |       |     3 ||     3
       Summon Ice Beast  |       |       |       |       |     5 ||     5
       Tukima's Dance    |       |       |       |       |     6 ||     6
       Lee's Rapid Decon |       |       |       |       |     3 ||     3
       Passwall          |       |       |       |       |     1 ||     1
Invok: Minor Destruction |       |       |       |   132 |   347 ||   479
       Lesser Servant of |       |       |       |     3 |     9 ||    12
       Greater Servant o |       |       |       |       |     2 ||     2
       Major Destruction |       |       |       |       |     1 ||     1
 Abil: Bat Form          |     2 |     3 |     5 |     9 |    18 ||    37
       End Transformatio |     2 |     3 |     5 |     9 |    15 ||    34
Evoke: Wand              |       |       |     1 |       |    10 ||    11
  Use: Scroll            |       |     5 |     3 |    10 |    18 ||    36
       Potion            |       |     6 |     7 |    12 |     6 ||    31
 Stab: Sleeping          |    18 |    51 |    87 |   164 |   224 ||   544
       Confused          |       |     2 |    13 |    18 |    37 ||    70
       Paralysed         |       |       |       |     1 |       ||     1
       Distracted        |       |       |       |       |     1 ||     1
  Eat: Corpse            |     5 |     6 |    13 |    15 |    21 ||    60
Armor: Robe              |    12 |    18 |    23 |    50 |       ||   103
       Steam dragon scal |       |       |       |     6 |   139 ||   145
Dodge: Dodged            |    48 |    74 |   104 |   180 |   249 ||   655
Block: Buckler           |       |       |       |    26 |    95 ||   121
